 Dungeon Crawl Stone Soup version 0.31-a0-1370-gf52a5a9ab3 (webtiles) character file.

Game seed: 8614183513737485782

1932 Sabo the Trooper (level 9, -6/96 HPs)
             Began as an Oni Monk on Dec 23, 2023.
             Was an Initiate of Ashenzari.
             Mangled by a two-headed ogre
             ... wielding a +0 giant club
              (16 damage)
             ... on level 6 of the Dungeon.
             The game lasted 00:34:58 (5990 turns).

Sabo the Trooper (Oni Monk)                         Turns: 5990, Time: 00:34:59

Health: -6/96      AC: 11    Str: 19    XL:     9   Next: 17%
Magic:  9/9        EV: 11    Int: 13    God:    Ashenzari [......]
Gold:   307        SH:  0    Dex: 11    Spells: 8/8 levels left

rFire   + . .        q - +3 flail (protect)
rCold   . . .        d - orb "Prophetic Awkwardness" {light, Sorc, Fort} (curse)
rNeg    . . .        x - +0 animal skin
rPois   .            (helmet restricted)
rElec   .            l - +0 cloak
rCorr   .            (gloves unavailable)
SInv    .            (boots unavailable)
Will    .....        (no amulet)
Stlth   +            s - ring of protection from fire
HPRegen 0.36/turn    (no ring)
MPRegen 0.11/turn

%: no passive effects
@: under a protective aura, glowing
A: large, unfitting armour, horns 1, tough skin 1, double potion healing,
drunken brawling
a: Renounce Religion, Curse Item, Shatter the Chains


You were on level 6 of the Dungeon.
You worshipped Ashenzari.
Ashenzari was noncommittal.
You visited 2 branches of the dungeon, and saw 7 of its levels.
You also visited: Sewer.

You collected 307 gold pieces.

Inventory:

Hand Weapons
 a - a +1 hand axe
 b - a +0 scythe
 q - a +3 flail of protection (weapon)
 v - a +0 whip of flaming
 y - the +7 sling of Horaps {freeze, Str+3 Int+3 Stlth+}
   (You took it off an orc on level 5 of the Dungeon)

   Str+3:     It affects your strength (+3).
   Int+3:     It affects your intelligence (+3).
   Stlth+:    It makes you more stealthy.
 B - a +0 war axe
Armour
 d - the cursed orb "Prophetic Awkwardness" (worn) {light, Sorc, Fort}

   It has a curse which improves the following skills: Sorcery: Conjurations and
   Alchemy.
   Fortitude: Armour and Shields.
 l - a +0 cloak (worn)
 x - a +0 animal skin (worn)
Magical Staves
 u - a staff of fire
Jewellery
 s - a ring of protection from fire (left hand)
Wands
 f - a wand of mindburst (5)
 j - a wand of polymorph (10)
 t - a wand of digging (7)
 w - a wand of flame (18)
Scrolls
 e - 3 scrolls of teleportation
 p - a scroll of blinking
 z - a scroll of fear
Potions
 c - 2 potions of ambrosia
 g - 3 potions of curing
 h - 2 potions of lignification {unknown}
 i - 3 potions of haste {unknown}
 k - a potion of mutation {unknown}
 m - a potion of might {unknown}
 n - a potion of experience {unknown}
 o - a potion of brilliance {unknown}
 r - a potion of resistance {unknown}
 A - a potion of degeneration {unknown}


   Skills:
 + Level 7.9 Fighting
 + Level 6.6(7.8) Axes
 + Level 6.1(7.5) Maces & Flails
 + Level 1.2 Ranged Weapons
 + Level 5.2 Dodging
 + Level 1.4 Stealth


You had 8 spell levels left.
You didn't know any spells.
Your spell library contained the following spells:

 Spells                   Type           Power      Damage    Failure   Level
 Ensorcelled Hibernation  Hex/Ice        0%         N/A       43%         2
 Passwall                 Alch/Erth      0%         N/A       43%         2
 Swiftness                Air            0%         N/A       67%         3


Dungeon Overview and Level Annotations

Branches:
Dungeon (6/15)             Temple (1/1) D:4           Sewer (visited)

Altars:
Ashenzari
Cheibriados
Dithmenos
Fedhas
Hepliaklqana
Kikubaaqudgha
Makhleb
Nemelex Xobeh
Qazlal
Ru
Trog
Uskayaw
Vehumet
Xom
Yredelemnul
Zin

Annotations:
D:4 2 transporters, IdlyInterested's ghost, amateur DsSh
Temple 2 transporters


Innate Abilities, Weirdness & Mutations

You are too large for most types of armour.
You have a pair of small horns on your head.
You have tough skin. (AC +1)
You gain doubled healing and magic from potions.
Whenever you drink a healing potion, you attack all around you.


Message History

The orc wizard is severely wounded.
The orc wizard hits you but does no damage.
You sock the orc wizard!
You kill the orc wizard!
Found a scroll labelled RAITHR JOADUCOV.
A two-headed ogre comes into view.
It is wielding a +0 giant club and a +0 giant spiked club.
Things that are here:
a +0 dagger; a +0 robe; an orc corpse The two-headed ogre hits you with a +0 giant club!!
The two-headed ogre hits you with a +0 giant spiked club!
You hit the two-headed ogre.
Your weapon exudes an aura of protection.
You headbutt the two-headed ogre.
The two-headed ogre is lightly wounded.
You hit the two-headed ogre.
You headbutt the two-headed ogre, but do no damage.
The two-headed ogre is lightly wounded.
The two-headed ogre hits you with a +0 giant club.
The two-headed ogre hits you with a +0 giant spiked club!
You sock the two-headed ogre!
The two-headed ogre is moderately wounded.
The two-headed ogre barely misses you.
The two-headed ogre hits you with a +0 giant spiked club!!
* * * LOW HITPOINT WARNING * * *
You hit the two-headed ogre but do no damage.
The two-headed ogre is moderately wounded.
A hound comes into view.
You take a swig of the potion and twirl your +3 flail of protection.
The hound barks!
You hit the two-headed ogre.
The two-headed ogre is moderately wounded.
You savour every drop.
You feel better.
The two-headed ogre hits you with a +0 giant club!!
* * * LOW HITPOINT WARNING * * *
The two-headed ogre hits you with a +0 giant spiked club!
* * * LOW HITPOINT WARNING * * *
You barely miss the two-headed ogre. You headbutt the two-headed ogre!
The two-headed ogre is heavily wounded.
The two-headed ogre hits you with a +0 giant club!
You die...

###.... .....
#...... ...O
#..... ...
#..... ..
#....#.
#...h## #
#..))### ..#
#......####..#
##....O@....#
##.........#
###.<######
#..# ##.# #.>
#..# #..# ....


You could see a two-headed ogre and a hound.

Vanquished Creatures
  Pikel (D:4)
  Sigmund (D:5)
  An ice beast (D:5)
  2 black bears (D:5)
  2 ogres
  Blork the orc (D:5)
  A scorpion (D:4)
  A gnoll bouda (D:3)
  2 jellies
  3 hounds
  Ijyb (D:5)
  Natasha (twice) (D:3)
  Terence (D:2)
  5 orc wizards
  An iguana (D:5)
  A hell rat (Sewer)
  Robin (D:4)
  4 adders
  5 river rats
  A shadow imp (D:5)
  A bombardier beetle (D:3)
  3 worms
  2 dart slugs
  13 orcs
  5 bats
  5 endoplasms
  5 giant cockroaches
  12 goblins
  11 hobgoblins
  5 jackals
  5 kobolds
  7 quokkas
  6 ball pythons
  11 frilled lizards
  32 rats
160 creatures vanquished.

Notes
Turn   | Place    | Note
-------+----------+-------------------------------------------
     0 | D:1      | Sabo the Oni Monk began the quest for the Orb.
     0 | D:1      | Reached XP level 1. HP: 24/24 MP: 1/1
   106 | D:1      | Reached XP level 2. HP: 31/32 MP: 2/2
   362 | D:1      | You fall into a shaft and drop 1 floor!
   453 | D:1      | Reached XP level 3. HP: 40/40 MP: 3/3
   666 | D:2      | Noticed Terence
   684 | D:2      | Killed Terence
   685 | D:2      | Reached XP level 4. HP: 7/49 MP: 4/4
  1645 | D:3      | Found a glowing drain.
  1732 | Sewer    | Entered a sewer
  1748 | Sewer    | Reached skill level 5 in Fighting
  1756 | Sewer    | Reached XP level 5. HP: 41/57 MP: 5/5
  2144 | D:3      | Found a hide-covered altar of Uskayaw.
  2497 | D:3      | Reached skill level 5 in Axes
  2649 | D:3      | Upgraded the game from 0.31-a0-1338-gb567cfdca4 to
                  | 0.31-a0-1370-gf52a5a9ab3
  2834 | D:3      | Noticed Natasha
  2841 | D:3      | Killed Natasha
  2842 | D:3      | Reached XP level 6. HP: 49/66 MP: 6/6
  3159 | D:3      | Noticed Natasha
  3166 | D:3      | Killed Natasha
  3674 | D:4      | Found a staircase to the Ecumenical Temple.
  3683 | Temple   | Found a transporter.
  3683 | Temple   | Found a transporter.
  3683 | Temple   | Found a transporter.
  3683 | Temple   | Found a transporter.
  3683 | Temple   | Entered the Ecumenical Temple
  3752 | Temple   | Became a worshipper of Ashenzari the Shackled
  3897 | D:4      | Reached XP level 7. HP: 72/74 MP: 7/7
  3912 | D:4      | Found a transporter.
  3912 | D:4      | Noticed IdlyInterested's ghost (amateur DsSh)
  3913 | D:4      | Noticed Pikel
  3933 | D:4      | Killed Pikel
  3934 | D:4      | Reached skill level 6 in Fighting
  3934 | D:4      | Reached skill level 1 in Stealth
  3934 | D:4      | Reached XP level 8. HP: 22/84 MP: 8/8
  4162 | D:4      | Found a transporter.
  4217 | D:4      | Noticed Robin
  4227 | D:4      | Killed Robin
  4686 | D:5      | Entered Level 5 of the Dungeon
  4704 | D:5      | Noticed Sigmund
  4725 | D:5      | Killed Sigmund
  4726 | D:5      | Reached skill level 7 in Fighting
  4777 | D:5      | Found a sacrificial altar of Ru.
  4897 | D:5      | Noticed Blork the orc
  4904 | D:5      | Killed Blork the orc
  4975 | D:5      | Noticed Ijyb
  4990 | D:5      | Killed Ijyb
  5135 | D:5      | Reached skill level 5 in Maces & Flails
  5194 | D:5      | Identified the +7 sling of Horaps {freeze, Str+3 Int+3
                  | Stlth+}
  5384 | D:5      | Reached skill level 5 in Dodging
  5576 | D:5      | Found a blossoming altar of Fedhas.
  5621 | D:5      | Reached XP level 9. HP: 93/93 MP: 9/9
  5630 | D:5      | Reached skill level 1 in Ranged Weapons
  5664 | D:5      | Found a bloodstained altar of Trog.
  5724 | D:5      | Found a shadowy altar of Dithmenos.
  5974 | D:6      | Noticed a two-headed ogre
  5990 | D:6      | Mangled by a two-headed ogre

Illustrated notes

Levels and vault maps discovered:
D:1:      beargit_arrival_diablo_church, layout_basic, kennysheep_another_room
D:2:      layout_rooms, st_stairs_2, uniq_terence
D:3:      minmay_chambers_of_twos, layout_loops_ring, nicolae_uskayaw_suspiria,
          gup_sewer_entry_glass, uniq_natasha
D:4:      layout_basic, lemuel_temple_firewalk_b, gammafunk_ghost_mausoleum,
          dk_rats_in_the_wall, uniq_pikel, uniq_robin
D:5:      layout_loops_ring, mainiacjoe_overflow_alcove_4, old_standard_altar,
          amcnicky_altar_gilded, old_standard_altar, uniq_ijyb, uniq_sigmund,
          uniq_blork_the_orc
D:6:      layout_cave_pods, minmay_manual_moon, uniq_grinder, uniq_edmund,
          uniq_crazy_yiuf_cottage
Temple:   hellmonk_temple_divided_pantheon

Skill      XL: |  1  2  3  4  5  6  7  8  9 |
---------------+----------------------------+-----
Axes           | 4 5 6 |  6.6
Dodging        | 3 4 5 |  5.2
Fighting       | 5 6 7 |  7.9
Maces & Flails | 2 5 6 |  6.1
Stealth        | 1 |  1.4
Ranged Weapons | 1 |  1.2

Action                     |  1- 3 |  4- 6 |  7- 9 || total
---------------------------+-------+-------+-------++-------
  Melee: Hand axe          |    69 |   142 |       ||   211
         Headbutt          |    10 |    34 |    42 ||    86
         Flail             |       |    11 |   148 ||   159
   Fire: Sling             |       |       |    11 ||    11
 Invoke: Curse Item        |       |     1 |       ||     1
    Use: Scroll            |       |     9 |     2 ||    11
         Potion            |       |       |     3 ||     3
 Armour: Robe              |    43 |   103 |    69 ||   215
         Animal skin       |       |       |   109 ||   109
  Dodge: Dodged            |    34 |    76 |   136 ||   246

Table legend: (Time is in decaauts)
 A = Elapsed time spent in this place.
 B = Non-inter-level travel time spent in this place.
 C = Inter-level travel time spent in this place.
 D = Time resting spent in this place.
 E = Time spent auto-exploring this place.
 F = Levels seen in this place.
 G = Mean time per level.
                   A        B        C        D        E       F      G
               +--------+--------+--------+--------+--------+-----+--------+
         Total |   6037 |   6037 |      0 |   1235 |      0 |   8 |  754.6 |
       Dungeon |   5749 |   5749 |      0 |   1150 |      0 |   6 |  958.2 |
        Temple |     88 |     88 |      0 |      0 |      0 |   1 |   88.0 |
         Sewer |    199 |    199 |      0 |     85 |      0 |   1 |  199.0 |
               +--------+--------+--------+--------+--------+-----+--------+

Top non-repeatable levels by time:
     D:3: 1462 daAuts
     D:4: 1349 daAuts
     D:5: 1280 daAuts
     D:1: 958 daAuts
     D:2: 666 daAuts
   Sewer: 199 daAuts
  Temple: 88 daAuts
     D:6: 32 daAuts
